 Dungeon Crawl Stone Soup version 0.18.1-8-gdd0e5ea (webtiles) character file.

210174 TomWoods the Spry (level 18, -1/168 HPs)
             Began as a Minotaur Fighter on June 8, 2016.
             Was the Champion of Trog.
             Slain by a thrashing horror (4 damage)
             ... on level 5 of the Abyss.
             The game lasted 01:48:44 (28695 turns).

TomWoods the Spry (Minotaur Fighter)               Turns: 28695, Time: 01:48:44

Health: -1/168     AC: 41    Str: 27    XL:     18   Next: 55%
Magic:  26/26      EV: 16    Int:  5    God:    Trog [******]
Gold:   2604       SH: 20    Dex: 15    Spells: 0 memorised, 17 levels left

rFire  . . .     SeeInvis .     X - +6 trident (freeze)
rCold  x . .     Gourm    .     V - +14 plate armour of Syomor {rC- rN+ MP+9 Slay+5}
rNeg   + . .     Faith    +     c - +5 shield
rPois  .         Spirit   .     (helmet unavailable)
rElec  .         Dismiss  .     k - +2 cloak
rCorr  .         Reflect  .     x - +1 pair of gloves {Str+3}
SustAt .         Harm     .     v - +2 pair of boots
MR     ++++.                    B - amulet of faith
Stlth  ..........               j - ring of protection from magic
                                L - +5 ring of slaying

@: recuperating, mildly diseased, constricted, studying Slings, incredibly
resistant to hostile enchantments, extremely unstealthy
A: retaliatory headbutt, horns 3, agile 1, weak 1
a: Berserk, Trog's Hand, Brothers in Arms, Burn Spellbooks, Renounce Religion


You were on level 5 of the Abyss.
You worshipped Trog.
Trog was exalted by your worship.
You were not hungry.

You visited 6 branches of the dungeon, and saw 31 of its levels.
You visited the Abyss 3 times.
You also visited: Ice Cave.

You collected 3414 gold pieces.
You spent 810 gold pieces at shops.

Inventory:

Hand Weapons
 X - a +6 trident of freezing (weapon)
Armour
 c - a +5 shield (worn)
 k - a +2 cloak (worn)
 v - a +2 pair of boots (worn)
 x - a +1 pair of gloves of strength (worn)
 V - the +14 plate armour of Syomor (worn) {rC- rN+ MP+9 Slay+5}
   (You found it on level 12 of the Dungeon)

   It affects your accuracy and damage with ranged weapons and melee attacks
   (+5).
   It makes you vulnerable to cold.
   It protects you from negative energy.
   It affects your magic capacity (+9).
Jewellery
 j - a ring of protection from magic (right hand)
 B - an amulet of faith (around neck)
 E - a +4 ring of strength
 F - an uncursed amulet of regeneration {unknown}
 L - a +5 ring of slaying (left hand)
Wands
 a - a wand of enslavement (9/24)
 g - a wand of confusion (38/48)
 w - a wand of iceblast (7/15)
 G - a wand of polymorph (17/24)
Scrolls
 r - 3 scrolls of fog
 s - 12 scrolls of teleportation
 y - 4 scrolls of identify
 H - 3 scrolls of magic mapping
 M - 2 scrolls of acquirement
 Q - 11 scrolls of remove curse
 Y - 7 scrolls of recharging
Potions
 e - 3 potions of mutation
 i - 12 potions of curing
 l - 7 potions of cancellation
 o - 4 potions of haste
 q - 3 potions of flight
 u - 7 potions of lignification
 z - 3 potions of cure mutation
 C - 5 potions of berserk rage
 D - a potion of agility
 K - 4 potions of brilliance
 P - a potion of resistance
 W - 2 potions of might
Books
 b - a manual of Slings
Miscellaneous
 d - a phial of floods (inert)
 m - an ornate deck of defence {the Elixir, drawn: 1}
 p - a phial of floods (inert)
 t - a plain deck of summoning {drawn: 5}
Comestibles
 f - 14 bread rations
 h - 13 royal jellies
 n - 7 meat rations
 A - 5 fruits


   Skills:
 + Level 16.5 Fighting
 + Level 16.6 Polearms
 + Level 16.7 Armour
 + Level 19.7 Dodging
 + Level 16.8 Shields


You had 17 spell levels left.
You didn't know any spells.

Dungeon Overview and Level Annotations

Branches:
Dungeon (15/15)            Temple (1/1) D:4            Lair (8/8) D:11
 Shoals (2/4) Lair:5       Spider (0/4) Lair:4        Slime (0/6) Lair:8
    Orc (2/2) D:10            Elf (3/3) Orc:2        Vaults (0/5) D:13
 Depths (0/5) D:15

Altars:
Ashenzari
Cheibriados
Dithmenos
Elyvilon
Fedhas
Gozag
Kikubaaqudgha
Makhleb
Nemelex Xobeh
Okawaru
Pakellas
Qazlal
Ru
Sif Muna
Trog
Vehumet
Xom
Yredelemnul
Zin
The Shining One
Jiyva

Shops:
D:6 (   D:13 (   Orc:2 *[[:   Elf:2 (   Elf:3 =%!!

Annotations:
Shoals:2 Polyphemus


Innate Abilities, Weirdness & Mutations

You reflexively headbutt those who attack you in melee.
You have a pair of large horns on your head.
You are agile. (Dex +2)
You are weak. (Str -2)


Message History

The tentacled monstrosity tentacle-slaps you but does no damage. x2
The tentacled monstrosity closely misses you.
* * * LOW HITPOINT WARNING * * *
The tentacled monstrosity constricts you!
Your unstable footing causes you to fumble your attack.
The thrashing horror roars!
You hear a horrible gurgling sound!
You hear a screech!
The thrashing horror tramples you but does no damage.
You block the thrashing horror's attack. x2
The thrashing horror barely misses you.
You block the thrashing horror's attack.
The thrashing horror tramples you but does no damage.
The large abomination hits your hill giant!
The thrashing horror completely misses your water elemental.
The thrashing horror barely misses your water elemental.
Your hill giant hits the large abomination with a giant spiked club!!
The large abomination is destroyed!
The thrashing horror barely misses you. You furiously retaliate!
You headbutt the thrashing horror. The thrashing horror tramples you.
You die...

.. . . . #... # . # .###.
# .. #. .# # .....##...#
... .. ≈........ .... ..
.. #.. . #..... ... #...
## ..# .. # ##.## # ##.#
#..x### .. # # # .
.#.3X@X#.....# . ..
.≈...$)XXE≈....... .
.......CX≈≈...... .....
.........≈...............
.#..#.....#.....# ..
##.###...###...## . . .#§
#.....# ....# .. .......
..... ... . ... ). .... .


You could see a tentacled monstrosity, an ancient zyme, 4 thrashing horrors, a
chaos spawn, a friendly hill giant (berserk) and a friendly water elemental.

Vanquished Creatures
  2 deep elf master archers
  Rupert (Lair:6)
  3 krakens
  Gastronok (D:8)
  5 tentacled starspawn
  6 deep elf sorcerers
  A frost giant (IceCv)
  Aizul (Shoals:2)
  A balrug (Abyss:3)
  4 deep elf elementalists (Elf:3)
  The ghost of Ganima the Brawler, a journeyman GrMo of Makhleb (Lair:4)
  4 very ugly things (Abyss:5)
  A dire elephant (Lair:4)
  6 deep elf annihilators
  3 deep elf demonologists (Elf:3)
  3 deep elf death magi
  3 deep elf high priests
  2 merfolk impalers (Shoals:1)
  Fannar (Lair:2)
  2 rakshasas
  An ice dragon (Lair:8)
  A merfolk avatar (Shoals:1)
  6 hydras
  23 dancing weapons
  2 centaur warriors
  A satyr (Shoals:2)
  8 thrashing horrors
  2 death yaks (IceCv)
  An orc high priest (Elf:2)
  14 deep elf knights
  Urug (Orc:1)
  Nergalle (Orc:1)
  A shadow wraith (Abyss:3)
  A fire crab (shapeshifter) (Elf:2)
  2 wretched stars
  3 skeletal warriors (D:14)
  2 sea snakes (Shoals:1)
  A death drake (Abyss:5)
  2 wizards (D:13)
  7 deep elf archers
  3 orc sorcerers
  2 lindwurms
  2 orc knights
  6 harpies
  8 hill giants
  Pikel (D:4)
  46 deep elf magi
  A wolf spider (D:15)
  2 cyclopes
  16 ugly things
  4 manticores
  A griffon (shapeshifter) (D:15)
  4 fauns (Shoals:2)
  2 griffons
  2 sirens
  A worldbinder (Abyss:4)
  A sixfirhy (Abyss:3)
  16 elephants
  2 black mambas
  An eye of devastation (Abyss:5)
  16 spiny frogs
  A naga mage (D:15)
  5 torpor snails (Lair:8)
  An ice statue (IceCv)
  3 smoke demons
  3 apocalypse crabs
  A water nymph (Shoals:1)
  3 rime drakes
  A kobold demonologist (D:11)
  4 centaur skeletons
  A gargoyle (D:13)
  4 komodo dragons
  2 efreet
  6 ancient zymes
  An ice devil (Abyss:5)
  2 merfolk
  21 polar bears
  2 jumping spiders (Lair:4)
  A wind drake (Shoals:1)
  6 trolls
  4 giant leeches (Lair:8)
  A queen bee (Lair:1)
  4 two-headed ogres
  Grinder (D:3)
  39 blink frogs
  8 raiju
  A two-headed ogre (shapeshifter) (Elf:1)
  9 slime creatures
  A boulder beetle (Lair:7)
  A blink frog (shapeshifter) (D:14)
  A frost giant simulacrum (Abyss:5)
  A shadow (D:12)
  An air elemental (Elf:3)
  2 redbacks (Lair:4)
  A flying skull (Abyss:4)
  5 wraiths
  A wyvern (D:13)
  3 vampires
  8 water elementals
  80 yaks
  2 ynoxinuls (Abyss:3)
  5 basilisks
  A fire elemental (Elf:2)
  12 hippogriffs
  A human (shapeshifter) (Abyss:5)
  A steam dragon (D:11)
  A warg (shapeshifter) (D:15)
  3 vampire mosquitoes (D:15)
  A hungry ghost (D:10)
  A neqoxec (Abyss:3)
  A spatial vortex (Abyss:5)
  Edmund (D:6)
  3 chaos spawn
  2 wargs
  2 mottled dragons (D:15)
  12 large abominations
  15 water moccasins
  3 hell hounds (Abyss:5)
  A giant eyeball (shapeshifter) (Elf:2)
  5 porcupines
  9 ice beasts
  34 orc warriors
  3 sky beasts
  3 eyes of draining
  An ice dragon simulacrum (Abyss:5)
  4 wasps
  A black bear (D:10)
  An eye of draining (shapeshifter) (D:13)
  21 wolves
  10 ogres
  2 phantoms
  2 necrophages
  17 centaurs
  17 crocodiles
  5 big kobolds
  24 giant frogs
  2 gnoll sergeants
  2 earth elementals
  6 small abominations
  2 wyvern zombies
  A wyvern skeleton (D:12)
  7 scorpions
  36 killer bees
  3 electric eels
  4 wights (D:9)
  3 howler monkeys
  13 crimson imps
  4 centaur zombies
  A quasit (D:11)
  19 starcursed masses
  12 hounds
  18 orc priests
  A wasp zombie (D:5)
  2 giant frog zombies
  Crazy Yiuf (D:7)
  A giant frog skeleton (D:10)
  5 iguanas
  9 orc wizards
  11 worker ants
  24 sheep
  A hound skeleton (D:10)
  A hound zombie (D:9)
  Robin (D:2)
  A worker ant zombie (D:6)
  14 gnolls
  28 river rats
  8 adders
  2 howler monkey skeletons
  2 shadow imps
  4 white imps (Abyss:3)
  5 oozes
  An adder skeleton (D:5)
  25 worms
  2 dart slugs
  2 giant geckos
  68 orcs
  4 ball pythons
  4 giant cockroaches
  16 goblins
  7 hobgoblins
  4 jackals
  30 kobolds
  10 quokkas
  9 bats
  A giant gecko zombie (D:7)
  6 giant newts
  A quokka zombie (D:6)
  5 rats
  A crawling corpse (Elf:2)
  7 starspawn tentacles
  11 tentacles
1203 creatures vanquished.

Vanquished Creatures (collateral kills)
  A large abomination (Abyss:5)
  An efreet (Abyss:5)
  An air elemental (Elf:3)
  An iron imp (Abyss:3)
4 creatures vanquished.

Vanquished Creatures (others)
  A deep elf elementalist (Elf:3)
  A deep elf high priest (Elf:1)
  An orange demon (Abyss:3)
  A small abomination (Abyss:3)
  A tengu skeleton (Abyss:3)
  An orc (Orc:1)
  7 fungi
  12 plants
  11 starspawn tentacles
  245 starspawn tentacle segments
  15 tentacles
  506 tentacle segments
802 creatures vanquished.

Grand Total: 2009 creatures vanquished

Notes
Turn   | Place    | Note
--------------------------------------------------------------
     0 | D:1      | TomWoods the Minotaur Fighter began the quest for the Orb.
     0 | D:1      | Reached XP level 1. HP: 19/19 MP: 0/0
    78 | D:1      | Reached XP level 2. HP: 26/26 MP: 1/1
   815 | D:2      | Reached XP level 3. HP: 31/31 MP: 2/2
   962 | D:2      | Found a sparkling altar of Nemelex Xobeh.
  1035 | D:2      | Noticed Robin
  1055 | D:2      | Killed Robin
  1055 | D:2      | Reached skill level 5 in Polearms
  1098 | D:2      | Reached XP level 4. HP: 27/39 MP: 3/3
  1143 | D:2      | Found a shattered altar of Ashenzari.
  1202 | D:2      | Found a stormy altar of Qazlal.
  1852 | D:3      | Noticed Grinder
  1893 | D:3      | Killed Grinder
  1893 | D:3      | Reached XP level 5. HP: 15/45 MP: 4/4
  1893 | D:3      | Reached XP level 6. HP: 18/51 MP: 5/5
  2267 | D:4      | Found a radiant altar of Vehumet.
  2267 | D:4      | Found an opulent altar of Gozag.
  2453 | D:4      | Found a staircase to the Ecumenical Temple.
  2464 | Temple   | Entered the Ecumenical Temple
  2679 | D:4      | Noticed a slave
  2681 | D:4      | Noticed Pikel
  2681 | D:4      | Noticed a slave
  2681 | D:4      | Noticed a slave
  2683 | D:4      | Noticed a slave
  2693 | D:4      | Killed Pikel
  2693 | D:4      | Reached skill level 10 in Polearms
  2693 | D:4      | Reached XP level 7. HP: 38/57 MP: 6/6
  2721 | D:4      | Reached XP level 8. HP: 49/64 MP: 7/7
  3180 | D:5      | Entered Level 5 of the Dungeon
  3378 | D:5      | Got a spiked plate armour
  3392 | D:5      | Identified the cursed +0 plate armour "Muetubik" {rF+ rN+ Regen+} (You found it on level 5 of the Dungeon)
  3612 | D:5      | Found a white marble altar of Elyvilon.
  3746 | D:5      | Found a basalt altar of Yredelemnul.
  4566 | D:6      | Found Qaf Bei's Antique Weapon Shoppe.
  4615 | D:6      | Found a shadowy altar of Dithmenos.
  4617 | D:6      | Found a bloodstained altar of Trog.
  4618 | D:6      | Found an oddly glowing altar of Pakellas.
  4620 | D:6      | Found a sacrificial altar of Ru.
  4638 | D:6      | Found an iron altar of Okawaru.
  4641 | D:6      | Became a worshipper of Trog the Wrathful
  5024 | D:6      | Noticed Edmund
  5030 | D:6      | Reached XP level 9. HP: 60/70 MP: 8/8
  5035 | D:6      | Killed Edmund
  5296 | D:7      | Reached * piety under Trog
  5416 | D:7      | Reached skill level 5 in Armour
  5416 | D:7      | Reached skill level 5 in Shields
  5614 | D:7      | Noticed Crazy Yiuf
  5623 | D:7      | Killed Crazy Yiuf
  6064 | D:8      | Noticed Gastronok
  6089 | D:8      | Killed Gastronok
  6089 | D:8      | Reached XP level 10. HP: 45/77 MP: 9/9
  6839 | D:9      | Reached ** piety under Trog
  6948 | D:9      | Found a shimmering altar of Xom.
  6948 | D:9      | Found a glowing silver altar of Zin.
  6949 | D:9      | Noticed an angel
  7389 | D:10     | Entered Level 10 of the Dungeon
  7453 | D:10     | Reached skill level 10 in Armour
  7460 | D:10     | Reached skill level 10 in Shields
  7561 | D:10     | Reached XP level 11. HP: 74/82 MP: 10/10
  7677 | D:10     | Reached *** piety under Trog
  7752 | D:10     | Found a staircase to the Orcish Mines.
  8088 | D:11     | Noticed a brown ugly thing
  8118 | D:10     | Killed a brown ugly thing
  8248 | D:11     | Found a staircase to the Lair.
  8275 | D:11     | Reached **** piety under Trog
  8882 | D:12     | Got a fine plate armour
  8893 | D:12     | Identified the +14 plate armour of Syomor {rC- rN+ MP+9 Slay+5} (You found it on level 12 of the Dungeon)
  8950 | D:12     | Noticed a hill giant
  8958 | D:12     | Killed a hill giant
  9027 | D:12     | You fall through a shaft for 2 floors!
  9062 | D:13     | Noticed a hill giant
  9063 | D:13     | Noticed a wizard
  9080 | D:13     | Killed a hill giant
  9085 | D:13     | Killed a wizard
  9119 | D:13     | Reached XP level 12. HP: 75/90 MP: 11/11
  9355 | D:13     | Reached ***** piety under Trog
  9361 | D:13     | Found Xigeori's Weapon Emporium.
  9371 | D:13     | Bought a +0 trident for 52 gold pieces
  9441 | D:13     | Found a gate to the Vaults.
  9733 | D:14     | Noticed an eight-headed hydra
  9737 | D:14     | Killed an eight-headed hydra
  9773 | D:14     | Reached skill level 15 in Armour
  9773 | D:14     | Reached skill level 15 in Shields
  9873 | D:14     | Found an opulent altar of Gozag.
  9978 | D:14     | Identified a scroll of acquirement
 10061 | D:14     | Reached skill level 5 in Fighting
 10061 | D:14     | Reached XP level 13. HP: 78/100 MP: 12/12
 10570 | D:15     | Entered Level 15 of the Dungeon
 10867 | D:15     | Reached skill level 10 in Fighting
 11305 | D:15     | Found a staircase to the Depths.
 11586 | D:15     | Received a gift from Trog
 12509 | Lair:1   | Entered Level 1 of the Lair of Beasts
 12722 | Lair:1   | Reached ****** piety under Trog
 12738 | Lair:1   | Received a gift from Trog
 12747 | Lair:1   | Got an ichor-stained spear {god gift}
 13343 | Lair:1   | Identified the +4 spear of Tension {flame, *Rage rC++ Dex+2 SInv} (Trog gifted it to you on level 1 of the Lair of Beasts)
 13396 | Lair:2   | Reached XP level 14. HP: 129/129 MP: 13/13
 13736 | Lair:2   | Received a gift from Trog
 13900 | Lair:2   | Noticed Fannar
 13918 | Lair:2   | Killed Fannar
 15139 | Lair:3   | Received a gift from Trog
 15297 | Lair:4   | Noticed Ganima's ghost (journeyman GrMo)
 15311 | Lair:4   | Reached skill level 15 in Polearms
 15317 | Lair:4   | Reached skill level 15 in Fighting
 15342 | Lair:4   | Killed Ganima's ghost
 15493 | Lair:4   | Found a hole to the Spider Nest.
 15532 | Lair:4   | Gained mutation: You are agile. (Dex +2) [potion of beneficial mutation]
 15844 | Lair:5   | Found a frozen archway.
 15871 | IceCv    | Entered an ice cave
 16025 | IceCv    | Received a gift from Trog
 16191 | IceCv    | Noticed a frost giant
 16224 | IceCv    | Killed a frost giant
 16224 | IceCv    | Reached XP level 15. HP: 105/143 MP: 7/14
 16674 | Lair:5   | Found a staircase to the Shoals.
 16724 | Shoals:1 | Entered Level 1 of the Shoals
 16764 | Shoals:1 | Received a gift from Trog
 17102 | Shoals:1 | Noticed a kraken
 17140 | Shoals:1 | Killed a kraken
 17542 | Shoals:2 | Noticed a kraken
 17561 | Shoals:2 | Killed a kraken
 18194 | Lair:5   | Reached skill level 1 in Dodging
 18353 | Lair:6   | Received a gift from Trog
 18353 | Lair:6   | Reached skill level 2 in Dodging
 18373 | Lair:6   | Reached skill level 3 in Dodging
 18600 | Lair:6   | Reached skill level 4 in Dodging
 19133 | Lair:7   | Noticed Rupert
 19157 | Lair:6   | Killed Rupert
 19157 | Lair:6   | Reached skill level 5 in Dodging
 19215 | Lair:7   | Reached skill level 6 in Dodging
 19242 | Lair:7   | Reached skill level 7 in Dodging
 19994 | Lair:7   | Received a gift from Trog
 20151 | Lair:8   | Entered Level 8 of the Lair of Beasts
 20219 | Lair:8   | Reached skill level 8 in Dodging
 20419 | Lair:8   | Found a dark tunnel.
 20628 | Lair:8   | Found a viscous altar of Jiyva.
 20629 | Lair:8   | Found a staircase to the Slime Pits.
 20729 | Lair:8   | Found a runed door.
 20873 | Lair:8   | Reached skill level 9 in Dodging
 21245 | Shoals:2 | Noticed a kraken
 21275 | Shoals:2 | Killed a kraken
 21275 | Shoals:2 | Reached XP level 16. HP: 66/151 MP: 8/15
 21544 | Shoals:2 | Noticed Polyphemus
 21548 | Shoals:2 | Reached skill level 10 in Dodging
 22016 | Shoals:2 | Noticed Aizul
 22035 | Shoals:2 | Killed Aizul
 22098 | Shoals:2 | Received a gift from Trog
 22149 | Shoals:2 | Reached skill level 11 in Dodging
 22389 | Orc:1    | Entered Level 1 of the Orcish Mines
 22596 | Orc:1    | Noticed Urug
 22607 | Orc:1    | Killed Urug
 22607 | Orc:1    | Received a gift from Trog
 22711 | Orc:1    | Noticed Nergalle
 22734 | Orc:1    | Killed Nergalle
 22853 | Orc:2    | Entered Level 2 of the Orcish Mines
 22853 | Orc:2    | Found a staircase to the Elven Halls.
 22954 | Orc:2    | Reached skill level 12 in Dodging
 22983 | Orc:2    | Found Ygorche's Antique Armour Shoppe.
 22983 | Orc:2    | Found Anaymits's Armour Shop.
 22985 | Orc:2    | Found Ujus's General Store.
 22987 | Orc:2    | Found Zydyasay's Book Emporium.
 23021 | Orc:2    | Received a gift from Trog
 23057 | Orc:2    | Bought a +0 pair of gloves of strength for 161 gold pieces
 23057 | Orc:2    | Bought the +2 cloak "Geob" {rElec rPois rC- Int-5} for 212 gold pieces
 23412 | Elf:1    | Entered Level 1 of the Elven Halls
 23890 | Elf:1    | Reached skill level 13 in Dodging
 23947 | Elf:1    | Received a gift from Trog
 24570 | Elf:2    | Reached skill level 14 in Dodging
 24654 | Elf:2    | Found Atsi's Weapon Shop.
 25244 | Elf:2    | Reached skill level 15 in Dodging
 25246 | Elf:2    | Found a large runed door.
 25246 | Elf:2    | Found a large runed door.
 25271 | Elf:2    | Found a large runed door.
 25271 | Elf:2    | Found a large runed door.
 25356 | Elf:2    | Reached XP level 17. HP: 128/158 MP: 8/16
 25482 | Elf:2    | Received a gift from Trog
 25507 | Elf:2    | Reached skill level 16 in Dodging
 25650 | Elf:3    | Entered Level 3 of the Elven Halls
 25684 | Elf:3    | Found Hogip's Food Shoppe.
 25699 | Elf:3    | Found Odwets's Jewellery Shoppe.
 25804 | Elf:3    | Found Emihaim's Distillery.
 25815 | Elf:3    | Bought a potion of beneficial mutation for 385 gold pieces
 25888 | Elf:3    | Gained mutation: You have a pair of large horns on your head. [potion of beneficial mutation]
 25944 | Elf:3    | Noticed a Tzitzimitl
 26446 | Elf:3    | Found Waciec's Distillery.
 26513 | Elf:3    | Reached skill level 17 in Dodging
 26584 | Elf:3    | Cast into level 3 of the Abyss (a deep elf sorcerer)
 26894 | Abyss:3  | Gained mutation: You are weak. (Str -2) [a neqoxec]
 26933 | Abyss:3  | Received a gift from Trog
 26968 | Elf:3    | Escaped the Abyss
 27009 | Elf:3    | Cast into level 3 of the Abyss (a deep elf sorcerer)
 27009 | Abyss:3  | Found a corrupted altar of Lugonu.
 27051 | Abyss:3  | Reached skill level 18 in Dodging
 27149 | Abyss:5  | Entered Level 5 of the Abyss
 27276 | Abyss:5  | Paralysed by accursed screaming for 1 turns
 27535 | Abyss:5  | Reached skill level 19 in Dodging
 27545 | Elf:3    | Escaped the Abyss
 27553 | Elf:3    | Reached XP level 18. HP: 131/166 MP: 17/17
 28043 | Elf:3    | Received a gift from Trog
 28222 | Elf:3    | Noticed a Brimstone Fiend
 28246 | Elf:3    | Cast into level 2 of the Abyss (a deep elf sorcerer)
 28604 | Abyss:5  | Entered Level 5 of the Abyss
 28681 | Abyss:5  | Noticed a tentacled monstrosity
 28694 | Abyss:5  | HP: 2/168 [tentacled monstrosity (8)]
 28695 | Abyss:5  | Slain by a thrashing horror

Skill      XL: |  1  2  3  4  5  6  7  8  9 10 11 12 13 14 15 16 17 |
---------------+----------------------------------------------------+-----
Polearms       | 3 4 5 7 10 11 13 14 15 16 | 16.6
Armour         | 8 10 13 15 16 | 16.7
Shields        | 8 10 13 15 16 | 16.8
Fighting       | 5 13 15 16 | 16.5
Dodging        | 9 15 19 | 19.7

Action                   |  1- 3 |  4- 6 |  7- 9 | 10-12 | 13-15 | 16-18 || total
-------------------------+-------+-------+-------+-------+-------+-------++-------
Melee: Trident           |    90 |   144 |   367 |   738 |  1103 |  1302 ||  3744
       Headbutt          |    11 |    22 |    71 |   157 |   388 |   287 ||   936
       Demon trident     |       |       |       |       |   241 |       ||   241
       Spear             |       |       |       |       |   119 |       ||   119
Invok: Burn Spellbooks   |       |       |       |     3 |     1 |     1 ||     5
       Trog's Hand       |       |       |       |       |       |     8 ||     8
       Brothers in Arms  |       |       |       |       |       |     4 ||     4
Evoke: Wand              |       |       |       |       |     1 |       ||     1
       Deck              |       |       |       |       |     2 |     4 ||     6
       Phial of floods   |       |       |       |       |       |     2 ||     2
  Use: Scroll            |       |     8 |    14 |    11 |    14 |     8 ||    55
       Potion            |       |     1 |       |     2 |     1 |     9 ||    13
  Eat: Chunk             |     1 |     2 |     6 |    11 |    11 |       ||    31
       Pizza             |       |     1 |       |     2 |       |     1 ||     4
       Meat ration       |       |     1 |       |       |     3 |     5 ||     9
       Beef jerky        |       |       |     1 |       |     8 |     2 ||    11
       Bread ration      |       |       |       |       |     1 |       ||     1
Armor: Scale mail        |    35 |    56 |    19 |       |       |       ||   110
       Plate armour      |       |       |    50 |   162 |   339 |   301 ||   852
Dodge: Dodged            |    22 |    29 |    34 |    79 |   166 |   312 ||   642
Block: Shield            |    43 |    82 |   113 |   350 |   738 |   682 ||  2008
